 Dungeon Crawl Stone Soup version 0.23.1-37-gaa34b87 (webtiles) character file.

Game seed: 6921917430536188724

42 nuthulu the Chopper (level 3, -9/28 HPs)
             Began as a Demonspawn Gladiator on Mar 24, 2019.
             Killed by divine providence
             ... invoked by an orc priest
              (15 damage)
             ... on level 2 of the Dungeon.
             The game lasted 00:01:47 (1564 turns).

nuthulu the Chopper (Demonspawn Gladiator)          Turns: 1564, Time: 00:01:48

Health: -9/28      AC:  7    Str: 15    XL:     3   Next: 33%
Magic:  3/3        EV: 15    Int:  9    God:
Gold:   66         SH:  0    Dex: 19    Spells: 2/2 levels left

rFire    . . .     SeeInvis .   a - +0 war axe
rCold    . . .     Gourm    .   (no shield)
rNeg     . . .     Faith    .   j - +0 scale mail
rPois    .         Spirit   .   c - +0 helmet
rElec    .         Reflect  .   (no cloak)
rCorr    .         Harm     .   (no gloves)
MR       .....                  (no boots)
Stlth    +.........             (no amulet)
HPRegen  0.09/turn              (no ring)
MPRegen  0.08/turn              (no ring)

@: agile
A: talons 1
a: no special abilities


You were on level 2 of the Dungeon.
You were not hungry.

You visited 1 branch of the dungeon, and saw 2 of its levels.

You collected 66 gold pieces.

Inventory:

Hand Weapons
 a - a +0 war axe (weapon)
Missiles
 d - 3 throwing nets (quivered)
Armour
 b - a +0 leather armour
 c - a +0 helmet (worn)
 j - a +0 scale mail (worn)
Potions
 h - a potion of heal wounds {unknown}
 i - 2 potions of curing {unknown}
 k - a potion of ambrosia {unknown}
 l - 2 potions of lignification {unknown}
 m - a potion of might {unknown}
 n - a potion of mutation {unknown}
Comestibles
 f - 3 rations
 g - 3 chunks of flesh


   Skills:
 + Level 2.6 Fighting
 * Level 3.6 Axes
 - Level 1.7 Throwing
 - Level 2.6 Dodging


You had 2 spell levels left.
You didn't know any spells.
Your spell library was empty.

Dungeon Overview and Level Annotations

Branches:
Dungeon (2/15)

Altars:
Dithmenos
Makhleb
Sif Muna
Uskayaw
Xom
Yredelemnul


Innate Abilities, Weirdness & Mutations

You have sharp toenails.


Message History

The orc priest begins to cast a cantrip, but forgets the words!
The orc wizard casts a spell at you. You resist with significant effort.
Unknown command.
You feel agile all of a sudden. The orc priest closely misses you.
The orc wizard gestures wildly while chanting.
The orc wizard blinks!
You closely miss the orc priest.
You claw the orc priest, but do no damage.
The orc priest is severely wounded.
The orc priest misses you.
Unknown command.
You hit the orc priest.
You claw the orc priest, but do no damage.
The orc priest is almost dead.
The orc priest mumbles some strange prayers to Beogh against you.
Beogh smites you!
Ouch! That really hurt!
You die...

#.#.# #.#.# ...o.. #.#.#
#.#.## o.... #.#.####.....
.... #............
≈..########.#.......#
..#.......[........#
######.###)###..........#
.......###.##.###...#...#
.......o@o).....#...#...#
....#.##.#.##.#.#...#.#.#
#.#...#.#[......#.#.....#.#
#.#........................
......#.#..####.#.#...#.#..
......................#....
......#....####.#.....#####
......#.........#..<....
....#.....†######..##.###


You could see an orc priest and an orc wizard.

Vanquished Creatures
  A worm (D:2)
  3 dart slugs (D:1)
  3 orcs (D:2)
  3 giant cockroaches
  5 kobolds
  A quokka (D:2)
  2 bats (D:1)
  7 goblins
  5 rats
30 creatures vanquished.

Notes
Turn   | Place    | Note
-------+----------+-------------------------------------------
     0 | D:1      | nuthulu the Demonspawn Gladiator began the quest for the
                  | Orb.
     0 | D:1      | Reached XP level 1. HP: 16/16 MP: 1/1
   412 | D:1      | Reached skill level 3 in Axes
   414 | D:1      | Gained mutation: You have sharp toenails. [demonic
                  | ancestry]
   414 | D:1      | Reached XP level 2. HP: 21/22 MP: 2/2
   864 | D:1      | Found a sacrificial altar of Ru.
   867 | D:1      | Found a hide-covered altar of Uskayaw.
   867 | D:1      | Found a basalt altar of Yredelemnul.
   873 | D:1      | Found a deep blue altar of Sif Muna.
   873 | D:1      | Found a shadowy altar of Dithmenos.
   873 | D:1      | Found a shimmering altar of Xom.
  1229 | D:2      | Found a burning altar of Makhleb.
  1235 | D:2      | Reached XP level 3. HP: 28/28 MP: 3/3
  1564 | D:2      | Killed from afar by an orc priest

Skill      XL: |  1 |
---------------+----+-----
Axes           | 3 |  3.6
Fighting       | |  2.6
Throwing       | |  1.7
Dodging        | |  2.6

Action                   || total
-------------------------++-------
Melee: War axe           ||    75
       Kick              ||    16
  Use: Scroll            ||     5
       Potion            ||     1
  Eat: Chunk             ||     2
Armor: Leather armour    ||     2
       Scale mail        ||    34
Dodge: Dodged            ||    49
